Map: 자가나타 - 래더

Players

Zoun - Winner!

  • Race: Protoss Protoss
  • Spawn Location: 1:00

Scarlett

  • Race: Zerg Zerg
  • Spawn Location: 7:00

Event: StayAtHome Story Cup #3

VOD

Have the link to the VOD?

Description

Time

  • Played on: March 11, 2021, 7:38 a.m.
  • Length: 21:22

All games in this series

Show
View Real Time Build Order
Export as new Build Order

Zoun Protoss - Winner!

Build Orders: 1 Gate Expand, Oracle Opening, Carriers 

Get SALT Encoding   

  12  0:00  Probe  
  13  0:12  Probe  
  14  0:20  Pylon  
  14  0:24  Probe  
  15  0:38  Probe (Chrono Boost)  
  15  0:40  Gateway  
  16  0:47  Probe (Chrono Boost)  
  17  0:50  Assimilator  
  17  0:52  Probe (Chrono Boost)  
  18  1:04  Probe  
  19  1:16  Probe  
  20  1:26  Nexus  
  20  1:36  Cybernetics Core  
  20  1:39  Probe  
  21  1:45  Assimilator  
  21  1:51  Probe  
  22  1:54  Pylon  
  22  2:03  Probe  
  23  2:10  Adept (Chrono Boost)  
  23  2:13  Warp Gate  
  25  2:15  Probe  
  26  2:28  Probe (Chrono Boost)  
  27  2:32  Stargate  
  27  2:34  Adept  
  29  2:38  Probe (Chrono Boost)  
  29  2:40  Probe (Chrono Boost)  
  31  2:48  Probe x2 (Chrono Boost)  
  33  2:53  Probe (Chrono Boost)  
  34  3:01  Probe  
  34  3:04  Adept  
  34  3:05  Probe  
  38  3:07  Void Ray (Chrono Boost)  
  38  3:12  Gateway  
  38  3:13  Probe  
  43  3:21  Probe  
  44  3:31  Pylon  
  44  3:34  Probe  
  44  3:40  Probe  
  44  3:47  Probe  
  45  3:49  Oracle  
  45  3:53  Probe  
  49  3:59  Probe  
  50  4:03  Nexus  
  50  4:05  Probe, Pylon, Assimilator  
  50  4:06  Assimilator  
  50  4:13  Probe (Chrono Boost)  
  50  4:15  Stargate  
  51  4:19  Probe (Chrono Boost)  
  53  4:24  Void Ray  
  53  4:28  Probe (Chrono Boost), Shield Battery  
  53  4:29  Probe (Chrono Boost)  
  58  4:33  Probe (Chrono Boost)  
  58  4:36  Probe  
  58  4:37  Pylon  
  61  4:45  Probe  
  61  4:49  Robotics Facility  
  61  4:54  Probe, Forge  
  61  4:57  Probe  
  61  4:58  Void Ray  
  63  5:06  Probe  
  68  5:09  Probe, Void Ray  
  69  5:15  Pylon  
  69  5:18  Probe  
  69  5:20  Probe  
  75  5:25  Probe  
  76  5:28  Pylon  
  76  5:30  Probe, Photon Cannon  
  76  5:34  Shield Battery  
  77  5:38  Void Ray  
  77  5:41  Probe x2, Robotics Bay  
  77  5:42  Probe  
  84  5:54  Probe x3 (Chrono Boost), Pylon  
  84  5:56  Observer  
  88  5:58  Pylon  
  88  6:02  Void Ray, Assimilator  
  88  6:03  Assimilator  
  89  6:06  Probe x3 (Chrono Boost)  
  95  6:11  Probe (Chrono Boost)  
  95  6:13  Probe (Chrono Boost)  
  95  6:15  Gateway  
  95  6:16  Probe, Gateway  
  98  6:20  Probe  
  98  6:21  Twilight Council  
  98  6:25  Protoss Air Weapons Level 1  
  99  6:26  Probe, Void Ray  
  104  6:40  Disruptor (Chrono Boost)  
  104  6:43  Gateway  
  104  6:46  Pylon  
  107  6:47  Pylon  
  107  6:51  Gateway  
  107  6:53  Gateway  
  107  6:56  Gateway  
  107  7:00  Pylon  
  107  7:01  Pylon  
  107  7:02  Protoss Ground Weapons Level 1, Charge  
  107  7:05  Gateway  
  107  7:08  Gateway  
  107  7:10  Gateway  
  107  7:12  Disruptor (Chrono Boost)  
  107  7:13  Void Ray, Shield Battery  
  107  7:15  Photon Cannon  
  114  7:25  Photon Cannon  
  114  7:38  Templar Archives, Disruptor (Chrono Boost)  
  114  7:39  Pylon  
  114  7:41  Pylon  
  114  7:43  Sentry  
  119  7:44  Zealot x4  
  127  8:00  Photon Cannon  
  127  8:03  Pylon  
  127  8:06  Disruptor (Chrono Boost)  
  120  8:17  Zealot x7  
  132  8:23  Robotics Facility  
  132  8:25  Zealot x2  
  130  8:35  Disruptor (Chrono Boost)  
  127  8:42  Zealot x6  
  127  8:43  Zealot  
  127  8:46  Extended Thermal Lance  
  127  8:58  Zealot x2  
  115  9:05  Zealot  
  115  9:06  Probe x3  
  115  9:07  Colossus (Chrono Boost)  
  115  9:08  Zealot x4  
  115  9:09  Observer  
  118  9:18  Probe x2, Disruptor (Chrono Boost)  
  120  9:33  High Templar x3  
  120  9:34  High Templar  
  120  9:35  High Templar x2  
  120  9:36  Zealot x3  
  134  9:39  Archon x2  
  134  9:40  Archon  
  134  9:54  Nexus  
  134  9:55  Pylon  
  134  9:58  Zealot  
  136  10:02  Fleet Beacon  
  136  10:06  Colossus (Chrono Boost)  
  142  10:10  Colossus (Chrono Boost)  
  146  10:27  Shield Battery  
  146  10:28  Probe x3  
  149  10:29  Photon Cannon  
  149  10:32  Pylon  
  149  10:42  High Templar x2, Stalker x3  
  151  10:43  Stalker x2  
  151  10:46  Archon  
  148  10:54  Probe  
  148  10:55  Zealot x2  
  148  10:56  Probe x2  
  149  10:57  Disruptor (Chrono Boost)  
  149  10:59  Disruptor (Chrono Boost)  
  149  11:03  Assimilator  
  149  11:04  Assimilator  
  147  11:13  Probe x2  
  149  11:21  Zealot x7  
  163  11:29  Photon Cannon  
  163  11:31  Photon Cannon  
  163  11:41  Protoss Ground Weapons Level 2  
  163  11:45  Shield Battery  
  160  11:47  Photon Cannon  
  160  11:53  Disruptor x2, Blink  
  160  11:57  Carrier (Chrono Boost)  
  166  12:05  Carrier (Chrono Boost)  
  164  12:14  Probe x3  
  164  12:15  Probe  
  166  12:20  Zealot x2  
  168  12:23  Zealot  
  168  12:25  Psionic Storm  
  168  12:26  Protoss Air Weapons Level 2 (Chrono Boost)  
  168  12:29  Shield Battery  
  170  12:31  Photon Cannon  
  168  12:44  Photon Cannon  
  166  12:45  Shield Battery  
  166  12:47  Shield Battery, Sentry  
  166  12:48  High Templar x3, Pylon  
  166  12:49  High Templar  
  176  12:52  Archon  
  176  12:54  Archon  
  176  13:06  Carrier (Chrono Boost)  
  176  13:08  Nexus  
  176  13:10  Pylon  
  182  13:14  Carrier (Chrono Boost)  
  188  13:24  Stargate  
  186  13:34  Photon Cannon  
  186  13:35  Photon Cannon  
  186  13:37  Photon Cannon  
  186  13:38  High Templar x3  
  186  13:39  Shield Battery  
  190  13:47  Shield Battery  
  190  13:50  High Templar  
  190  13:52  Pylon  
  190  13:54  Probe x3  
  190  13:55  Probe  
  196  14:00  Shield Battery  
  196  14:01  Shield Battery  
  196  14:03  Pylon  
  196  14:05  Assimilator  
  196  14:06  Probe  
  196  14:09  Assimilator  
  197  14:10  Photon Cannon  
  197  14:12  Photon Cannon  
  197  14:20  Gateway  
  197  14:22  Gateway, Protoss Shields Level 1 (Chrono Boost)  
  195  14:24  Dark Shrine  
  195  14:40  Photon Cannon  
  195  14:41  Photon Cannon x2  
  195  14:43  Photon Cannon  
  195  15:00  Stargate  
  195  15:02  Stargate  
  192  15:07  Disruptor x2  
  195  15:40  Nexus  
  195  15:41  High Templar x3  
  195  15:42  Pylon  
  199  15:55  Unknown  
  199  15:56  Oracle  
  195  16:05  Disruptor  
  198  16:11  Photon Cannon  
  198  16:12  Photon Cannon  
  198  16:14  Photon Cannon  
  198  16:16  Photon Cannon  
  198  16:17  Shield Battery  
  196  16:19  Shield Battery  
  196  16:22  Assimilator  
  196  16:25  Archon  
  196  16:26  Assimilator  
  196  16:33  Flux Vanes  
  196  16:34  Gateway x2  
  196  16:36  Gateway  
  196  16:39  Gateway, Pylon, Protoss Shields Level 2 (Chrono Boost)  
  196  16:41  Observer  
  195  16:57  Protoss Air Weapons Level 3 (Chrono Boost)  
  187  17:02  Zealot x4  
  195  17:12  Archon  
  166  17:23  Carrier  
  166  17:24  Carrier x3  
  166  17:25  Carrier  
  166  17:27  High Templar x2  
  166  17:28  High Templar x3  
  166  17:29  High Templar  
  196  17:36  Zealot x4  
  194  17:53  Disruptor  
  194  17:54  Disruptor  
  179  18:24  Archon  
  172  18:27  High Templar x5  
  172  18:29  High Templar  
  172  18:30  Immortal x2  
  184  18:52  Tempest x3  
  198  19:09  Observer  
  187  19:17  Gravitic Boosters  
  187  19:23  Protoss Air Armor Level 1  
  187  19:31  Photon Cannon x2  
  187  19:32  Observer  
  187  19:34  Photon Cannon  
  187  19:36  Photon Cannon  
  187  19:37  Observer  
  188  19:38  High Templar x2  
  188  19:43  Archon  
  192  19:52  Pylon  
  192  19:57  Zealot  
  192  19:58  Zealot x3  
  200  20:04  Nexus  
  200  20:06  Pylon  
  200  20:10  Gravitic Drive  
  189  20:36  Disruptor x2  
  195  20:47  Dark Templar x2  
  185  21:15  Archon x2  
Show
View Real Time Build Order
Export as new Build Order

Scarlett Zerg 

Build Orders: Hatch First, Lurkers, Swarm Host 

Get SALT Encoding   

  12  0:00  Drone  
  13  0:12  Overlord  
  13  0:16  Drone  
  14  0:30  Drone x2  
  17  0:42  Drone  
  17  0:50  Hatchery  
  17  0:54  Drone  
  17  0:58  Drone  
  18  1:08  Extractor  
  17  1:13  Spawning Pool  
  17  1:17  Drone  
  17  1:22  Drone  
  18  1:28  Drone  
  19  1:39  Drone  
  20  1:51  Drone  
  21  2:01  Queen  
  21  2:02  Queen, Zergling x2  
  21  2:03  Drone  
  27  2:12  Drone  
  28  2:18  Metabolic Boost  
  28  2:27  Overlord  
  28  2:30  Hatchery  
  28  2:33  Drone  
  28  2:46  Zergling x2  
  28  2:47  Drone x4  
  33  2:57  Queen  
  34  2:59  Zergling x2  
  35  3:07  Overlord  
  35  3:25  Queen, Zergling x2  
  35  3:26  Drone  
  35  3:27  Drone x5  
  42  3:41  Queen  
  42  3:42  Queen  
  42  3:47  Spore Crawler  
  45  3:52  Drone, Overlord  
  45  3:53  Drone x3  
  48  4:04  Overlord  
  48  4:10  Queen  
  48  4:15  Spore Crawler  
  48  4:16  Drone  
  49  4:19  Overlord  
  49  4:23  Drone x2  
  49  4:24  Drone x6  
  57  4:26  Overlord  
  57  4:34  Overlord  
  57  4:37  Queen  
  59  4:39  Drone x5  
  64  4:46  Lair  
  64  4:50  Zergling x10  
  64  4:51  Drone  
  70  4:55  Extractor, Drone x3  
  71  5:02  Roach Warren  
  71  5:04  Drone x3  
  72  5:08  Drone x3  
  72  5:12  Drone x2  
  77  5:14  Overlord  
  77  5:22  Overlord  
  77  5:23  Drone x5  
  77  5:24  Overlord  
  82  5:29  Overlord  
  81  5:36  Overlord  
  81  5:38  Drone x5  
  81  5:42  Evolution Chamber  
  85  5:48  Spore Crawler, Overlord  
  85  5:49  Drone x7  
  91  5:50  Extractor  
  91  5:51  Extractor  
  91  5:54  Queen  
  91  5:57  Extractor, Drone, Glial Reconstitution  
  91  5:58  Drone, Extractor, Roach  
  91  6:03  Queen  
  95  6:06  Queen  
  95  6:08  Zerg Missile Weapons Level 1  
  97  6:21  Overlord  
  97  6:24  Infestation Pit  
  96  6:34  Queen  
  96  6:38  Queen  
  100  6:41  Roach x5  
  100  6:42  Overlord x2  
  100  6:43  Overlord  
  110  7:02  Swarm Host x9  
  110  7:04  Swarm Host  
  110  7:06  Zergling x14  
  147  7:18  Swarm Host x3  
  147  7:20  Hatchery  
  155  7:26  Overlord  
  155  7:27  Overlord x4  
  155  7:34  Swarm Host x2  
  161  7:53  Ravager x2  
  161  7:54  Ravager x3  
  161  7:55  Zergling x20, Roach x2  
  179  8:09  Hatchery  
  179  8:11  Queen x3  
  167  8:24  Zergling x22  
  178  8:27  Zerg Missile Weapons Level 2  
  175  8:39  Queen  
  163  8:46  Queen  
  163  8:47  Queen x2  
  142  9:13  Zergling x12, Roach x6  
  142  9:15  Queen  
  161  9:22  Queen x2  
  158  9:30  Zergling x20  
  168  9:35  Hive  
  166  9:39  Drone x6  
  166  9:42  Extractor  
  166  9:43  Extractor  
  170  9:47  Zergling x16  
  170  9:49  Overseer  
  170  9:51  Queen  
  180  9:55  Roach  
  176  10:14  Roach x6  
  176  10:15  Roach x6  
  176  10:16  Nydus Network  
  189  10:42  Roach x10  
  179  11:01  Roach x10  
  197  11:11  Ravager x2  
  197  11:12  Zerg Missile Weapons Level 3  
  197  11:13  Ravager  
  197  11:14  Ravager x2  
  195  11:50  Roach x11  
  198  12:07  Viper x4  
  188  12:14  Nydus Canal  
  185  12:15  Swarm Host  
  185  12:16  Swarm Host  
  197  12:24  Spine Crawler  
  197  12:25  Spine Crawler  
  197  12:26  Spine Crawler x2  
  193  12:33  Drone x3  
  193  12:39  Hydralisk Den  
  193  12:41  Spore Crawler  
  178  12:52  Drone x12, Spine Crawler  
  178  12:54  Spine Crawler  
  178  12:55  Spine Crawler  
  178  12:56  Adrenal Glands  
  187  13:01  Zergling x6  
  190  13:11  Drone x5  
  195  13:15  Hydralisk x2, Muscular Augments  
  195  13:17  Lurker Den  
  198  13:40  Overseer x5  
  195  13:55  Hydralisk  
  195  13:56  Hydralisk  
  197  14:15  Seismic Spines  
  196  14:25  Spine Crawler  
  196  14:26  Grooved Spines, Lurker  
  196  14:27  Spine Crawler, Lurker x3  
  196  14:38  Spire  
  196  14:40  Hydralisk x2, Spire  
  198  15:00  Extractor, Spore Crawler  
  198  15:01  Extractor, Spore Crawler  
  194  15:10  Hydralisk x3  
  194  15:12  Adaptive Talons  
  199  15:46  Lurker  
  200  15:50  Hatchery  
  197  16:03  Zerg Flyer Armor Level 1, Zerg Flyer Weapons Level 1  
  191  16:10  Drone x9, Spore Crawler  
  191  16:11  Drone  
  200  16:13  Spore Crawler x2  
  200  16:15  Spore Crawler x2  
  194  16:23  Pneumatized Carapace  
  192  16:28  Hydralisk, Lurker x2  
  192  16:29  Hydralisk, Lurker x2  
  185  16:54  Hydralisk x6  
  185  16:55  Hydralisk  
  195  17:12  Hydralisk x8  
  195  17:13  Hydralisk  
  184  17:21  Hydralisk x7  
  139  17:32  Hydralisk x5  
  135  17:40  Lurker x3  
  135  17:41  Lurker x2, Corruptor  
  135  17:42  Corruptor x4  
  149  18:01  Hatchery  
  149  18:02  Corruptor x8  
  149  18:05  Lurker x3  
  167  18:26  Hatchery  
  160  18:32  Drone x12  
  172  18:35  Queen  
  172  18:36  Zerg Flyer Weapons Level 2  
  172  18:37  Zerg Flyer Armor Level 2  
  174  18:43  Queen  
  174  18:46  Overlord x3  
  174  18:47  Overlord  
  176  18:56  Zerg Ground Armor Level 1  
  176  19:03  Extractor  
  176  19:04  Extractor  
  176  19:06  Hydralisk x8  
  179  19:25  Drone x4  
  179  19:27  Drone x2  
  179  19:29  Spine Crawler  
  179  19:30  Spine Crawler, Lurker  
  184  19:32  Lurker x4  
  184  19:33  Lurker  
  189  19:42  Spine Crawler  
  189  19:43  Spine Crawler  
  189  19:45  Drone x10, Spine Crawler  
  196  19:48  Spore Crawler  
  195  20:01  Spore Crawler  
  195  20:03  Spore Crawler  
  193  20:13  Spine Crawler x2  
  191  20:14  Corruptor x4  
  193  20:37  Corruptor  
  193  20:38  Corruptor x2  
  194  20:51  Corruptor  
  194  20:52  Corruptor x6  
Tags
 
Add a new tag
Caveats
  • Supply blocks, unpowered buildings, or Contaminate may cause inaccurate times.
  • Supply counts are checked every 10 seconds.